 Dungeon Crawl Stone Soup version 0.21.0 (webtiles) character file.

5266 Minorbread the Destroyer (level 10, -2/50 HPs)
             Began as a Deep Elf Fire Elementalist on May 17, 2018.
             Was a Follower of Vehumet.
             Slain by a bullfrog (4 damage)
             ... on level 8 of the Dungeon on May 18, 2018.
             The game lasted 00:45:16 (11880 turns).

Minorbread the Destroyer (DEFE)                    Turns: 11880, Time: 00:45:17

Health: -2/50      AC:  5    Str:  5    XL:     10   Next: 36%
Magic:  26/26      EV: 17    Int: 24    God:    Vehumet [*.....]
Gold:   416        SH:  0    Dex: 15    Spells: 16/29 levels left

rFire    . . .     SeeInvis .   B - +0 dagger
rCold    . . .     Gourm    .   (no shield)
rNeg     . . .     Faith    .   a - +0 robe
rPois    .         Spirit   .   (no helmet)
rElec    .         Reflect  .   s - +2 cloak {+Inv}
rCorr    +         Harm     .   (no gloves)
MR       +....                  (no boots)
Stlth    ++........             (no amulet)
HPRegen  0.16/turn              y - ring of resist corrosion
MPRegen  0.20/turn              A - +4 ring of evasion

@: no status effects
A: no striking features
a: Renounce Religion, Evoke Invisibility


You were on level 8 of the Dungeon.
You worshipped Vehumet.
Vehumet was aware of your devotion.
You were not hungry.

You visited 2 branches of the dungeon, and saw 10 of its levels.

You collected 416 gold pieces.

Inventory:

Hand Weapons
 B - a +0 dagger (weapon)
Missiles
 e - 122 stones (quivered)
 g - 4 needles of frenzy
Armour
 a - a +0 robe (worn)
 s - a +2 cloak of invisibility (worn)
 M - the +0 robe of the Clam {Regen+ Int-4 Dex+8}
   (You found it on level 7 of the Dungeon)

   It affects your intelligence (-4).
   It affects your dexterity (+8).
   It increases your rate of regeneration.
Jewellery
 y - a ring of resist corrosion (left hand)
 A - a +4 ring of evasion (right hand)
 I - a cursed -2 ring of strength {unknown}
 J - an uncursed ring of protection from cold {unknown}
 P - an uncursed ring of protection from fire {unknown}
 S - a cursed ring of poison resistance {unknown}
Wands
 F - a wand of enslavement (12)
 K - a wand of paralysis (9)
 N - a wand of digging (19)
 O - a wand of acid (4)
Scrolls
 h - 2 scrolls of blinking {unknown}
 i - 12 scrolls of identify {unknown}
 q - 5 scrolls of teleportation {unknown}
 r - 4 scrolls of remove curse
 v - 4 scrolls of magic mapping {unknown}
 x - 2 scrolls of immolation {unknown}
 E - a scroll of random uselessness {unknown}
 G - a scroll of enchant weapon {unknown}
 H - a scroll of fog {unknown}
 L - 2 scrolls of silence {unknown}
 Q - a scroll of noise {unknown}
 R - a scroll of enchant armour {unknown}
Potions
 d - a potion of mutation {unknown}
 f - 4 potions of might
 j - 3 potions of curing
 k - 3 potions of lignification {unknown}
 l - a potion of flight {unknown}
 m - a potion of ambrosia {unknown}
 n - 2 potions of degeneration {unknown}
 o - a potion of magic {unknown}
 p - 3 potions of brilliance {unknown}
 t - a potion of berserk rage {unknown}
 u - a potion of agility {unknown}
 w - 3 potions of haste {unknown}
 C - a potion of heal wounds {unknown}
 D - a potion of invisibility {unknown}
Books
 b - a book of Flames

   Spells                             Type                      Level
   a - Flame Tongue                   Conjuration/Fire             1
   b - Throw Flame                    Conjuration/Fire             2
   c - Conjure Flame                  Conjuration/Fire             3
   d - Inner Flame                    Hexes/Fire                   3
   e - Sticky Flame                   Conjuration/Fire             4
   f - Fireball                       Conjuration/Fire             5
 z - a book of Misfortune

   Spells                             Type                      Level
   a - Confusing Touch                Hexes                        1
   b - Confuse                        Hexes                        3
   c - Gell's Gravitas                Translocation                3
   d - Petrify                        Transmutation/Earth          4
   e - Metabolic Englaciation         Hexes/Ice                    5
   f - Yara's Violent Unravelling     Hexes/Transmutation          5
Comestibles
 c - 15 rations
 T - 5 chunks of flesh


   Skills:
 - Level 2.4 Dodging
 - Level 2.4 Stealth
 + Level 10.4 Spellcasting
 * Level 11.7 Conjurations
 + Level 9.1 Fire Magic


You had 16 spell levels left.
You knew the following spells:

 Your Spells              Type           Power        Failure   Level  Hunger
a - Flame Tongue          Conj/Fire      #####        1%          1    None
b - Conjure Flame         Conj/Fire      ######..     1%          3    None
c - Sticky Flame          Conj/Fire      ######..     1%          4    None
d - Fireball              Conj/Fire      ######....   1%          5    ####...


Dungeon Overview and Level Annotations

Branches:
Dungeon (9/15)             Temple (1/1) D:6
   Lair: D:8-11         Orc: D:9-12

Altars:
Ashenzari
Cheibriados
Dithmenos
Fedhas
Hepliaklqana
Kikubaaqudgha
Makhleb
Nemelex Xobeh
Okawaru
Qazlal
Ru
Sif Muna
Trog
Uskayaw
Vehumet
Xom
Yredelemnul
Zin
The Shining One


Message History

The iguana moves out of view.
The bullfrog hits you. The yak barely misses you. The yak gores you.
You climb upwards.
There is a stone staircase leading down here.
Unknown command.
The bullfrog misses you. The yak gores you!
* * * LOW HITPOINT WARNING * * *
The bullfrog misses you.
Casting: Flame Tongue
Confirm with . or Enter, or press ? or * to list all spells.
Okay, then.
You feel better. The bullfrog barely misses you. The yak gores you!
* * * LOW HITPOINT WARNING * * *
The yak gores you.
* * * LOW HITPOINT WARNING * * *
The bullfrog misses you. The bullfrog closely misses you.
The bullfrog barely misses you. The bullfrog hits you.
You die...

#################
#.Y.Y..##.......#
#F####.##.#####.##
#@####.##.# #...
#.##..>...# ####
#.##.#.####
#.##.#.# #......#
######## ####.###
#......# #.#
#......# #.####
#......# #....#
#......#


You could see a yak and a bullfrog.

Vanquished Creatures
  Grinder (D:5)
  Sigmund (D:6)
  A wraith (D:7)
  A spriggan (D:7)
  A yak (D:8)
  Grum (D:8)
  2 vampire mosquitoes (D:9)
  3 sky beasts
  4 black bears
  2 ice beasts (D:7)
  An orc warrior (D:7)
  A phantom (D:6)
  A necrophage (D:7)
  2 ogres
  4 wolves (D:8)
  4 centaurs
  2 crocodiles
  3 bullfrogs
  2 elf skeletons (D:7)
  3 scorpions
  A water moccasin skeleton (D:4)
  A howler monkey (D:5)
  A wight (D:7)
  2 bullfrog zombies
  A centaur zombie (D:7)
  A quasit (D:6)
  4 hounds
  7 orc priests
  8 orc wizards
  A bullfrog skeleton (D:8)
  A jelly (D:5)
  Crazy Yiuf (D:2)
  A centaur skeleton (D:5)
  4 human zombies (D:7)
  2 iguanas
  6 worker ants
  A killer bee zombie (D:6)
  A hound skeleton (D:7)
  2 mummies (D:7)
  2 worker ant zombies
  4 gnolls (D:4)
  9 adders
  3 shadow imps
  An adder zombie (D:7)
  An adder skeleton (D:4)
  4 worms
  7 leopard geckos
  27 orcs
  3 ball pythons
  6 bats
  3 giant cockroaches
  4 hobgoblins
  13 jackals
  7 quokkas
  4 frilled lizards
  5 goblins
  8 kobolds
  A leopard gecko zombie (D:7)
  An orc zombie (D:7)
  2 quokka skeletons
  3 rats
204 creatures vanquished.

Notes
Turn   | Place    | Note
-------+----------+-------------------------------------------
     0 | D:1      | Minorbread the Deep Elf Fire Elementalist began the quest for the Orb.
     0 | D:1      | Reached XP level 1. HP: 10/10 MP: 6/6
   206 | D:1      | Reached XP level 2. HP: 15/15 MP: 6/8
   345 | D:1      | Reached skill level 2 in Conjurations
  1135 | D:2      | Reached XP level 3. HP: 19/19 MP: 3/10
  1194 | D:2      | Learned a level 3 spell: Conjure Flame
  1236 | D:2      | Found a sparkling altar of Nemelex Xobeh.
  1696 | D:2      | Found a blossoming altar of Fedhas.
  2088 | D:2      | Found a runed door.
  2115 | D:2      | Reached skill level 3 in Conjurations
  2603 | D:2      | Noticed Crazy Yiuf
  2608 | D:2      | Killed Crazy Yiuf
  2608 | D:2      | Reached XP level 4. HP: 24/24 MP: 4/12
  2955 | D:3      | Learned a level 4 spell: Sticky Flame
  2987 | D:3      | Noticed a sky beast
  3419 | D:3      | Reached skill level 4 in Conjurations
  3419 | D:3      | Reached XP level 5. HP: 20/28 MP: 10/13
  3684 | D:2      | Killed a sky beast
  3684 | D:2      | Reached skill level 5 in Spellcasting
  3684 | D:2      | Reached XP level 6. HP: 7/32 MP: 9/15
  3924 | D:2      | Learned a level 5 spell: Fireball
  3944 | D:2      | Reached skill level 5 in Conjurations
  4879 | D:4      | Reached skill level 5 in Fire Magic
  5147 | D:4      | Found a sacrificial altar of Ru.
  5250 | D:3      | Reached XP level 7. HP: 32/36 MP: 10/17
  5422 | D:4      | Reached skill level 6 in Conjurations
  5904 | D:5      | Entered Level 5 of the Dungeon
  5971 | D:5      | Noticed Grinder
  5979 | D:5      | Killed Grinder
  5979 | D:5      | Reached skill level 7 in Conjurations
  6751 | D:5      | Reached XP level 8. HP: 41/41 MP: 16/20
  7248 | D:5      | Reached skill level 8 in Conjurations
  7759 | D:6      | Noticed Sigmund
  7783 | D:6      | Killed Sigmund
  7918 | D:6      | Reached skill level 9 in Conjurations
  8184 | D:6      | Reached XP level 9. HP: 45/45 MP: 13/23
  8248 | D:6      | Found a staircase to the Ecumenical Temple.
  8372 | D:6      | Found a glowing golden altar of the Shining One.
  8463 | D:6      | Found a burning altar of Makhleb.
  8901 | Temple   | Entered the Ecumenical Temple
  8961 | Temple   | Became a worshipper of Vehumet
  9466 | D:7      | Reached skill level 10 in Conjurations
  9613 | D:7      | Got a brightly glowing robe
  9913 | D:7      | Found a deep blue altar of Sif Muna.
 10109 | D:7      | Found a basalt altar of Yredelemnul.
 10177 | D:7      | Reached * piety under Vehumet
 10177 | D:7      | Offered knowledge of Sting by Vehumet.
 10190 | D:7      | Identified the +0 robe of the Clam {Regen+ Int-4 Dex+8} (You found it on level 7 of the Dungeon)
 10606 | D:8      | Noticed Grum
 11038 | D:8      | Reached skill level 11 in Conjurations
 11039 | D:8      | Reached XP level 10. HP: 41/50 MP: 17/25
 11047 | D:8      | Killed Grum
 11206 | D:8      | Reached skill level 10 in Spellcasting
 11602 | D:9      | Noticed a two-headed ogre
 11873 | D:8      | HP: 1/50 [yak (6)]
 11880 | D:8      | Slain by a bullfrog

Skill      XL: |  1  2  3  4  5  6  7  8  9 10 |
---------------+-------------------------------+-----
Conjurations   | 2 3 4 5 7 9 11 | 11.7
Spellcasting   | 4 5 6 8 9 10 | 10.4
Fire Magic     | 4 5 6 7 8 9 |  9.1
Dodging        | |  2.4
Stealth        | |  2.4

Action                   |  1- 3 |  4- 6 |  7- 9 | 10-12 || total
-------------------------+-------+-------+-------+-------++-------
Melee: Dagger            |       |       |   182 |       ||   182
Throw: Stone             |    65 |    50 |    66 |     5 ||   186
 Cast: Flame Tongue      |    91 |    96 |   290 |    39 ||   516
       Conjure Flame     |     1 |       |     1 |       ||     2
       Sticky Flame      |       |     1 |     9 |     3 ||    13
       Fireball          |       |       |    15 |    12 ||    27
  Use: Scroll            |     1 |       |       |       ||     1
       Potion            |       |       |     3 |     1 ||     4
  Eat: Chunk             |     4 |     5 |    13 |     4 ||    26
       Ration            |       |     1 |     3 |       ||     4
Armor: Robe              |     3 |     8 |    44 |     3 ||    58
Dodge: Dodged            |    24 |    17 |   202 |    19 ||   262
